 Dungeon Crawl Stone Soup version 0.23.0-28-g6fe0f4d (webtiles) character file.

Game seed: 2307345466400723292

9548 ohad the Martial Artist (level 11, 0/72 HPs)
             Began as an Octopode Transmuter on Feb 25, 2019.
             Was an Initiate of Gozag.
             Slain by a porcupine (8 damage)
             ... on level 1 of the Lair of Beasts.
             The game lasted 00:28:56 (11174 turns).

ohad the Martial Artist (Octopode Transmuter)      Turns: 11174, Time: 00:28:57

Health: 0/72       AC:  5    Str:  9    XL:     11   Next: 48%
Magic:  10/21      EV: 16    Int: 19    God:    Gozag
Gold:   1051       SH:  0    Dex: 13    Spells: 2/24 levels left

rFire    + . .     SeeInvis .     - Unarmed
rCold    . . .     Gourm    .   (no shield)
rNeg     . . .     Faith    .   E - +1 hat
rPois    +         Spirit   .   (no amulet)
rElec    .         Reflect  .   j - ring of flight
rCorr    .         Harm     .   o - ring of protection from fire
MR       .....                  u - ring of poison resistance
Stlth    ++........             w - +3 ring of protection
HPRegen  0.22/turn              (no ring)
MPRegen  0.17/turn              (no ring)
                                (no ring)
                                (no ring)

@: very slightly contaminated
A: almost no armour, stealthy swim, amphibious, 8 rings, constrict 8, camouflage
1, gelatinous body 1
a: Potion Petition, Call Merchant, Bribe Branch, Renounce Religion, Evoke Flight


You were on level 1 of the Lair of Beasts.
You worshipped Gozag.
Gozag was most pleased with you.
You were very hungry.

You visited 3 branches of the dungeon, and saw 11 of its levels.

You collected 1542 gold pieces.
You spent 436 gold pieces at shops.
You paid 55 gold pieces to Gozag.

Inventory:

Hand Weapons
 y - the +1 flail "Hydra's Demise" {vamp, rF+ rC+, unknown}
   (You found it on level 6 of the Dungeon)

   It inflicts no extra harm, but heals its wielder when it wounds a living foe.
   It protects you from fire.
   It protects you from cold.
 A - a +1 dagger of venom
 I - a +1 hand axe of flaming
Missiles
 a - 64 arrows
 e - 41 poisoned needles
 g - 4 javelins (quivered)
Armour
 E - a +1 hat (worn)
Jewellery
 j - a ring of flight (left tentacle)
 o - a ring of protection from fire (right tentacle)
 u - a ring of poison resistance (on tentacle)
 w - a +3 ring of protection (on tentacle)
Wands
 l - a wand of iceblast (19)
 x - a wand of polymorph (13)
 z - a wand of random effects (29)
 B - a wand of enslavement (10)
 J - a wand of digging (4)
 L - a wand of flame (31)
Scrolls
 b - 4 scrolls of enchant weapon {unknown}
 f - 5 scrolls of teleportation
 i - 4 scrolls of magic mapping
 k - 4 scrolls of remove curse
 n - a scroll of noise {unknown}
 r - a scroll of blinking {unknown}
 t - 2 scrolls of amnesia {unknown}
 D - a scroll of enchant armour {unknown}
 F - a scroll of fear {unknown}
 H - a scroll of random uselessness
 K - a scroll of identify
Potions
 d - 2 potions of lignification
 h - 4 potions of curing
 m - 2 potions of mutation
 p - a potion of haste
 q - 2 potions of flight
 s - 2 potions of might
 v - a potion of brilliance
 G - 2 potions of ambrosia
 M - a potion of agility {unknown}
Comestibles
 c - 11 rations


   Skills:
 * Level 6.3 Fighting
 + Level 5.9 Dodging
 + Level 11.0 Unarmed Combat
 - Level 7.0 Spellcasting
 - Level 5.0 Summonings
 - Level 6.1 Transmutations
 - Level 3.6 Ice Magic


You had 2 spell levels left.
You knew the following spells:

 Your Spells              Type           Power        Failure   Level  Hunger
a - Beastly Appendage     Tmut           ####..       1%          1    None
b - Sticks to Snakes      Tmut           ####....     1%          2    None
c - Spider Form           Tmut/Pois      ###.......   9%          3    #......
d - Ice Form              Ice/Tmut       ####....     14%         4    ###....
e - Ozocubu's Armour      Chrm/Ice       ##......     14%         3    #......
f - Blade Hands           Tmut           ####......   22%         5    #####..
g - Summon Ice Beast      Ice/Summ       ###.....     17%         4    ###....

Your spell library contained the following spells:

 Spells                   Type           Power        Failure   Level  Hunger
 Summon Small Mammal      Summ           ####         1%          1    None
 Freeze                   Ice            ###.         2%          1    None
 Throw Frost              Conj/Ice       ##....       8%          2    None
 Animate Skeleton         Necr           N/A          10%         1    None
 Apportation              Tloc           #.....       10%         1    None
 Confusing Touch          Hex            #.....       10%         1    None
 Flame Tongue             Conj/Fire      #....        10%         1    None
 Blink                    Tloc           N/A          16%         2    None
 Shroud of Golubria       Chrm/Tloc      #.........   16%         2    None
 Throw Flame              Conj/Fire      #.....       16%         2    None
 Petrify                  Tmut/Erth      ###.....     28%         4    ###....
 Confuse                  Hex            #.......     30%         3    #......
 Conjure Flame            Conj/Fire      #.......     30%         3    #......
 Gell's Gravitas          Tloc           #.........   30%         3    #......
 Inner Flame              Hex/Fire       #.......     30%         3    #......
 Lesser Beckoning         Tloc           #.........   30%         3    #......
 Teleport Other           Tloc           #.......     30%         3    #......
 Throw Icicle             Conj/Ice       ##......     43%         4    ###....
 Yara's Violent Unravell  Hex/Tmut       ###.......   63%         5    #####..
 Passage of Golubria      Tloc           N/A          69%         4    ###....
 Sticky Flame             Conj/Fire      #.......     69%         4    ###....
 Metabolic Englaciation   Hex/Ice        ##........   80%         5    #####..
 Fireball                 Conj/Fire      #.........   95%         5    #####..


Dungeon Overview and Level Annotations

Branches:
Dungeon (9/15)             Temple (1/1) D:5            Lair (1/6) D:8
    Orc: D:9-12

Altars:
Ashenzari
Cheibriados
Dithmenos
Elyvilon
Fedhas
Gozag
Hepliaklqana
Kikubaaqudgha
Makhleb
Nemelex Xobeh
Okawaru
Qazlal
Sif Muna
Trog
Uskayaw
Wu Jian
Xom
Zin
The Shining One

Shops:
D:4 *   D:7 *


Innate Abilities, Weirdness & Mutations

You cannot wear most types of armour.
You are very stealthy in the water. (Stealth+)
You are amphibious.
You can wear up to eight rings at the same time.
You can use your tentacles to constrict eight enemies at once.
Your skin changes colour to match your surroundings (Stealth+).
Your rubbery body absorbs attacks. (AC +1, EV +1)


Message History

The porcupine becomes distracted by the nearby gold, dreaming of imaginary riches.
You feel sick.
The porcupine is no longer distracted by gold.
You warm up again.
Your +1 hat unmelds from your body.
You feel sick.
You feel a little less mighty now.
You feel sick.
You feel sick.
You feel sick.
You are no longer poisoned.
Casting: Summon Ice Beast (slightly dangerous; 17% risk of failure)
Confirm with . or Enter, or press ? or * to list all spells.
You miscast Summon Ice Beast.
You are very lightly contaminated with residual magic.
You feel a strange surge of energy! The porcupine misses you.
Unknown command.
The porcupine bites you!
You die...
Your body crumbles into a pile of gold.

### ###### ### ######### ###
#.###..#.###.###..##.#.#####.####
.................................
........#.#.....##.##.###....#.##
.......#...#....#........#...###
.......#...#.............#...####
...........#....P#.#+##+##...##.#
........#+##....@r...............
..........................######.
..........................# ##
#..+#+.# .................#
#......#..................#
.......#..................#
#...........#..#####......#
#......#....### ##......
............#


You could see a porcupine.

Vanquished Creatures
  A hydra (D:8)
  Maurice (D:9)
  3 spiny frogs (Lair:1)
  2 komodo dragons (Lair:1)
  2 dream sheep (D:8)
  2 hippogriffs
  Prince Ribbit (D:7)
  2 yaks (D:8)
  A wyvern (D:8)
  A hungry ghost (D:9)
  A basilisk (Lair:1)
  A steam dragon (D:8)
  Menkaure (D:7)
  3 wargs (D:8)
  Duvessa (D:7)
  2 porcupines (Lair:1)
  2 black bears
  Purgy (D:3)
  3 sky beasts
  2 orc warriors
  4 phantoms
  5 ogres
  4 centaurs
  3 crocodiles (Lair:1)
  2 big kobolds (D:8)
  A bullfrog (D:8)
  A wyvern zombie (D:8)
  Dowan (D:7)
  3 scorpions
  2 killer bees (D:9)
  8 wights
  8 crimson imps
  3 hounds
  7 orc priests
  3 jellies
  3 centaur skeletons
  8 orc wizards
  5 iguanas
  6 worker ants
  2 hound skeletons
  9 gnolls
  A howler monkey skeleton (D:5)
  12 adders
  4 river rats (D:5)
  A shadow imp (D:9)
  2 adder skeletons
  2 worms
  A dart slug (D:2)
  8 leopard geckos
  24 orcs
  6 ball pythons
  9 giant cockroaches
  12 hobgoblins
  6 jackals (D:2)
  6 kobolds
  8 quokkas
  10 bats
  6 frilled lizards
  13 goblins
  A jackal zombie (D:8)
  5 rats
258 creatures vanquished.

Vanquished Creatures (collateral kills)
  A yak (Lair:1)
  An orc warrior (D:9)
  A big kobold (D:8)
  A killer bee (D:9)
  An orc wizard (D:9)
  3 orcs
8 creatures vanquished.

Grand Total: 266 creatures vanquished

Notes
Turn   | Place    | Note
-------+----------+-------------------------------------------
     0 | D:1      | ohad the Octopode Transmuter began the quest for the Orb.
     0 | D:1      | Reached XP level 1. HP: 13/13 MP: 3/3
   277 | D:1      | Reached XP level 2. HP: 18/18 MP: 3/5
  1039 | D:2      | Reached XP level 3. HP: 21/23 MP: 4/6
  1204 | D:2      | Learned a level 2 spell: Sticks to Snakes
  1208 | D:2      | Learned a level 3 spell: Spider Form
  1502 | D:2      | Reached XP level 4. HP: 21/28 MP: 5/7
  2212 | D:3      | Reached skill level 5 in Transmutations
  2245 | D:3      | Reached XP level 5. HP: 30/33 MP: 6/8
  2311 | D:3      | Found a shattered altar of Ashenzari.
  2407 | D:3      | Noticed Purgy
  2424 | D:3      | Killed Purgy
  2424 | D:3      | Reached XP level 6. HP: 17/38 MP: 1/9
  3329 | D:4      | Learned a level 4 spell: Ice Form
  3335 | D:4      | Noticed a black bear
  3348 | D:4      | Killed a black bear
  3348 | D:4      | Reached XP level 7. HP: 34/43 MP: 9/12
  3437 | D:4      | You fall through a shaft for 2 floors!
  3461 | D:5      | Entered Level 5 of the Dungeon
  3632 | D:4      | Found Layzyps's Assorted Antiques.
  3650 | D:4      | Bought a scroll labeled HIUNOA ORAST for 24 gold pieces
  3650 | D:4      | Bought a scroll labeled WANLOU VI KIKAU for 24 gold pieces
  3650 | D:4      | Bought a brown potion for 21 gold pieces
  3650 | D:4      | Bought a scroll labeled USTRUTS ZYINUC for 24 gold pieces
  3650 | D:4      | Bought a scroll labeled MOPNESEAST for 24 gold pieces
  4118 | D:4      | Found a stormy altar of Qazlal.
  4122 | D:4      | Noticed a water elemental
  4122 | D:4      | Noticed a fire elemental
  4122 | D:4      | Noticed an air elemental
  4695 | D:5      | Reached XP level 8. HP: 7/49 MP: 6/14
  4984 | D:5      | Found a staircase to the Ecumenical Temple.
  5011 | Temple   | Entered the Ecumenical Temple
  5113 | Temple   | Became a worshipper of Gozag Ym Sagoz the Greedy
  5164 | D:5      | Reached skill level 4 in Unarmed Combat
  5515 | D:5      | Reached skill level 5 in Unarmed Combat
  6228 | D:6      | Reached skill level 6 in Unarmed Combat
  6275 | D:6      | Reached XP level 9. HP: 58/58 MP: 6/15
  6377 | D:6      | Found a shadowy altar of Dithmenos.
  6441 | D:6      | Got a slimy flail
  6622 | D:7      | Noticed Dowan
  6665 | D:7      | Noticed Duvessa
  6676 | D:7      | Killed Duvessa
  6679 | D:7      | Killed Dowan
  6679 | D:7      | Reached skill level 7 in Unarmed Combat
  6835 | D:7      | Noticed Menkaure
  6847 | D:7      | Killed Menkaure
  7086 | D:7      | Found Feethasoi's Assorted Antiques.
  7090 | D:7      | Bought a runed hat for 161 gold pieces
  7090 | D:7      | Bought a potion of curing for 69 gold pieces
  7090 | D:7      | Bought a scroll of identify for 46 gold pieces
  7090 | D:7      | Bought a scroll labeled GOALICH ARGHU for 23 gold pieces
  7090 | D:7      | Bought a brown potion for 20 gold pieces
  7341 | D:7      | Noticed Prince Ribbit
  7348 | D:7      | Killed Prince Ribbit
  7348 | D:7      | Reached skill level 8 in Unarmed Combat
  7380 | D:7      | Found a stormy altar of Qazlal.
  7957 | D:8      | Reached skill level 5 in Fighting
  7965 | D:8      | Found a staircase to the Lair.
  7979 | D:8      | Reached skill level 9 in Unarmed Combat
  8152 | D:8      | Reached XP level 10. HP: 61/66 MP: 5/16
  8161 | D:8      | Reached skill level 5 in Dodging
  8540 | D:8      | Reached skill level 5 in Spellcasting
  8691 | D:8      | Learned a level 3 spell: Ozocubu's Armour
  8697 | D:8      | Learned a level 5 spell: Blade Hands
  8718 | D:8      | Noticed a three-headed hydra
  8727 | D:8      | Killed a three-headed hydra
  8922 | D:8      | Learned a level 4 spell: Summon Ice Beast
  9018 | D:8      | Reached skill level 1 in Summonings
  9412 | D:8      | Found a deep blue altar of Sif Muna.
  9800 | D:9      | Noticed Maurice
  9813 | D:9      | Killed Maurice
  9813 | D:9      | Reached XP level 11. HP: 72/72 MP: 13/21
  9845 | D:9      | Reached skill level 5 in Summonings
  9865 | D:9      | Reached skill level 10 in Unarmed Combat
  9867 | D:9      | Found a burning altar of Makhleb.
 10557 | D:9      | Found a hazy altar of Hepliaklqana.
 10650 | D:9      | Found an iron altar of Okawaru.
 10718 | Lair:1   | Entered Level 1 of the Lair of Beasts
 11131 | Lair:1   | Reached skill level 11 in Unarmed Combat
 11174 | Lair:1   | Slain by a porcupine

Skill      XL: |  1  2  3  4  5  6  7  8  9 10 11 |
---------------+----------------------------------+-----
Transmutations | 3 4 5 6 |  6.1
Spellcasting   | 3 4 7 |  7.0
Ice Magic      | 2 3 |  3.6
Fighting       | 3 5 6 |  6.3
Unarmed Combat | 6 9 11 | 11.0
Dodging        | 3 4 5 |  5.9
Summonings     | 4 5 |  5.0

Action                   |  1- 3 |  4- 6 |  7- 9 | 10-12 || total
-------------------------+-------+-------+-------+-------++-------
Melee: Unarmed           |    98 |   109 |   342 |   244 ||   793
       Constrict         |    29 |    17 |    17 |     7 ||    70
       Kick              |    14 |     9 |    12 |       ||    35
       Tentacles         |    15 |    13 |    13 |     5 ||    46
       Punch             |     2 |       |     3 |     1 ||     6
 Cast: Beastly Appendage |    25 |    11 |     6 |     1 ||    43
       Spider Form       |       |     6 |     9 |       ||    15
       Sticks to Snakes  |       |     3 |     9 |     9 ||    21
       Ice Form          |       |       |    19 |    26 ||    45
       Summon Ice Beast  |       |       |       |     6 ||     6
       Ozocubu's Armour  |       |       |       |     1 ||     1
Invok: Potion Petition   |       |       |     1 |       ||     1
 Abil: End Transformatio |       |       |     1 |       ||     1
  Use: Potion            |       |     1 |     2 |     2 ||     5
       Scroll            |       |       |     8 |     4 ||    12
 Stab: Sleeping          |     5 |     7 |     3 |       ||    15
       Distracted        |       |       |     1 |     3 ||     4
  Eat: Chunk             |     2 |     7 |     6 |       ||    15
       Ration            |       |       |     5 |     4 ||     9
Armor: Skin              |    10 |     8 |    49 |    77 ||   144
Dodge: Dodged            |    76 |    92 |   204 |   139 ||   511
